 Dungeon Crawl Stone Soup version 0.32-a0-42-ga30500b4d3 (webtiles) character file.

Game seed: 5879857399440388967

1222 whatisthis the Ducker (level 8, 0/65 HPs)
             Began as a Merfolk Brigand on Jan 28, 2024.
             Splashed by a jelly's acid (9 damage)
             ... on level 6 of the Dungeon.
             The game lasted 00:13:39 (5044 turns).

whatisthis the Ducker (Merfolk Brigand)             Turns: 5044, Time: 00:13:40

Health: 0/65       AC: -4    Str:  9 (12) XL:     8   Next: 47%
Magic:  8/8        EV: 28    Int:  8 (10) God:
Gold:   247        SH:  0    Dex: 15 (17) Spells: 7/7 levels left

rFire   . . .        p - +1 long sword
rCold   . . .        (no shield)
rNeg    . . .        x - +2 ring mail {Will+}
rPois   .            D - +0 helmet
rElec   .            C - +0 cloak
rCorr   .            h - +2 pair of gloves
SInv    .            (no boots)
Will    +....        E - amulet of the acrobat
Stlth   ++           y - ring of flight
HPRegen 0.30/turn    (no ring)
MPRegen 0.11/turn

%: acrobat
@: corroded, acrobatic, flying
A: (nimble swimmer 2), mertail
a: no special abilities


You were on level 6 of the Dungeon.
You visited 1 branch of the dungeon, and saw 6 of its levels.
You also visited: Sewer.

You collected 247 gold pieces.

Inventory:

Hand Weapons
 a - a +2 dagger
 p - a +1 long sword (weapon)
 w - a +0 dagger of venom
Missiles
 d - 12 poisoned darts
 e - a curare-tipped dart (quivered)
Armour
 h - a +2 pair of gloves (worn)
 x - a +2 ring mail of willpower (worn)
 C - a +0 cloak (worn)
 D - a +0 helmet (worn)
Jewellery
 o - a ring of ice
 y - a ring of flight (left hand)
 E - an amulet of the acrobat (around neck)
Wands
 s - a wand of mindburst (9)
Scrolls
 g - a scroll of noise {unknown}
 i - a scroll of immolation {unknown}
 k - 4 scrolls of identify
 l - 3 scrolls of enchant weapon
 r - a scroll of butterflies {unknown}
 v - 3 scrolls of fog
 z - a scroll of enchant armour {unknown}
 A - a scroll of fear {unknown}
 B - a scroll of teleportation {unknown}
 F - a scroll of vulnerability {unknown}
 G - a scroll of poison {unknown}
Potions
 b - a potion of magic {unknown}
 c - a potion of curing {unknown}
 f - a potion of ambrosia {unknown}
 j - a potion of heal wounds {unknown}
 m - a potion of cancellation {unknown}
 n - a potion of brilliance {unknown}
 q - a potion of enlightenment {unknown}
 t - 2 potions of degeneration
 u - a potion of invisibility {unknown}


   Skills:
 + Level 6.6 Fighting
 - Level 2.4(4.9) Short Blades
 + Level 6.6(6.9) Long Blades
 - Level 2.0 Throwing
 + Level 7.4 Dodging
 - Level 4.3 Stealth


You had 7 spell levels left.
You didn't know any spells.
Your spell library contained the following spells:

 Spells                   Type           Power      Damage    Failure   Level
 Necrotise                Necr           0%         1d4       77%         1
 Dazzling Flash           Conj/Hex       0%         N/A       98%         3
 Mephitic Cloud           Conj/Alch/Air  0%         N/A       98%         3
 Vampiric Draining        Necr           0%         2d6       98%         3
 Martyr's Knell           Necr/Summ      0%         N/A       100%        4
 Curse of Agony           Necr           0%         N/A       100%        5
 Silence                  Hex/Air        0%         N/A       100%        5


Dungeon Overview and Level Annotations

Branches:
Dungeon (6/15)             Temple (0/1) D:6           Sewer (visited)

Altars:
Hepliaklqana
Qazlal
Vehumet

Shops:
D:3 =


Innate Abilities, Weirdness & Mutations

((You are very nimble when in or above water. (Stealth+, EV+, Speed+++)))
Your lower body shifts to a powerful aquatic tail in water.


Message History

Aim: a jelly (heavily wounded, 90% to hit)
You throw a curare-tipped dart. The curare-tipped dart hits the jelly.
The jelly is heavily wounded.
The jelly hits you but does no damage.
Throw: 2 darts (curare)
Press: ? - help, Q - select action, (/) - cycle Shift-Dir - straight line, f/p - jelly
Aim: a jelly (heavily wounded, 90% to hit)
You throw a curare-tipped dart. The curare-tipped dart hits the jelly.
The jelly is heavily wounded.
Unknown command.
The jelly completely misses you. The jelly attacks as it pursues you!
The jelly hits you but does no damage. The jelly attacks as it pursues you!
The jelly completely misses you. The jelly attacks as it pursues you!
The jelly completely misses you. The jelly attacks as it pursues you!
The jelly completely misses you. The jelly attacks as it pursues you!
The jelly barely misses you.
There is a stone staircase leading up here.
Okay, then.
It was a potion of degeneration.
There was something very wrong with that liquid.
You feel weakened.
You feel dopey.
You feel clumsy. The jelly completely misses you.
You hit the jelly.
Your hands burn!
The jelly is heavily wounded.
The jelly misses you.
You slash the jelly! The acid corrodes you!
Your hands burn!
* * * LOW HITPOINT WARNING * * *
The jelly is severely wounded.
The jelly hits you.
* * * LOW HITPOINT WARNING * * *
The acid corrodes you!
You are splashed with acid!
* * * LOW HITPOINT WARNING * * *
The jelly attacks as it pursues you! The jelly misses you.
The jelly attacks as it pursues you! The jelly closely misses you.
The jelly attacks as it pursues you! The jelly completely misses you.
The jelly attacks as it pursues you! The jelly completely misses you.
The jelly attacks as it pursues you! The jelly hits you.
* * * LOW HITPOINT WARNING * * *
You are splashed with acid!
You die...

#...... ## #####. #......
###. #....# ##.###..
#...#######....# #....##'
...............# #.......
..............####.......
#......................
#...................[..
######....J@................
#.......###'#............###
#.......#...#####........#..
. #.......'....#
#........#..
...#......<#....#
#........#..
..........#%..##
#........#.. #.#.......#####
#........#.. ###.###.....#
#........#+# ##.....##....#
#...........


You could see a jelly.

Vanquished Creatures
  A water moccasin (D:5)
  A phantom (D:4)
  2 bullfrogs (D:6)
  Blork the orc (D:5)
  3 scorpions
  A howler monkey (D:6)
  3 jellies
  2 orc priests
  3 bombardier beetles
  A hound (D:6)
  A sleepcap (D:6)
  An iguana (D:4)
  2 orc wizards
  A hell rat (Sewer)
  Robin (D:4)
  5 adders
  3 gnolls (D:2)
  A river rat (D:4)
  A shadow imp (D:6)
  4 white imps
  3 ribbon worms
  A dart slug (D:1)
  5 orcs
  7 endoplasms
  A giant cockroach (D:2)
  9 hobgoblins
  6 jackals
  5 kobolds
  3 quokkas
  7 ball pythons
  5 bats
  3 frilled lizards
  14 goblins
  12 rats
119 creatures vanquished.

Notes
Turn   | Place    | Note
-------+----------+-------------------------------------------
     0 | D:1      | whatisthis the Merfolk Brigand began the quest for the Orb.
     0 | D:1      | Reached XP level 1. HP: 16/16 MP: 1/1
   103 | D:1      | Reached XP level 2. HP: 23/23 MP: 2/2
   105 | D:1      | Reached skill level 1 in Long Blades
   124 | D:1      | Reached skill level 2 in Dodging
   326 | D:1      | Reached XP level 3. HP: 28/28 MP: 3/3
   509 | D:1      | Found a faded altar of an unknown god.
   781 | D:2      | Reached XP level 4. HP: 7/35 MP: 4/4
   917 | D:2      | Reached skill level 3 in Dodging
  1697 | D:3      | Reached XP level 5. HP: 35/42 MP: 5/5
  1868 | D:3      | Found Ceonk's Jewellery Shoppe.
  1981 | D:3      | Reached skill level 4 in Dodging
  2246 | D:4      | Noticed Robin
  2278 | D:4      | Killed Robin
  2361 | D:4      | Noticed a phantom
  2447 | D:4      | Reached XP level 6. HP: 44/49 MP: 6/6
  2505 | D:4      | Found a glowing drain.
  2509 | Sewer    | Entered a sewer
  2725 | D:4      | Reached skill level 5 in Dodging
  3136 | D:5      | Entered Level 5 of the Dungeon
  3176 | D:5      | Found the +7 staff of the Meek {protect, meekguard}
  3289 | D:5      | Noticed Blork the orc
  3305 | D:5      | Reached XP level 7. HP: 55/55 MP: 7/7
  3317 | D:5      | Reached skill level 5 in Fighting
  3473 | D:5      | Killed Blork the orc
  3474 | D:5      | Reached skill level 5 in Long Blades
  3536 | D:5      | Reached skill level 6 in Dodging
  3923 | D:5      | Reached XP level 8. HP: 64/64 MP: 8/8
  4290 | D:6      | Reached skill level 7 in Dodging
  4801 | D:6      | Found a staircase to the Ecumenical Temple.
  4861 | D:6      | Found a hazy altar of Hepliaklqana.
  4861 | D:6      | Found a stormy altar of Qazlal.
  4916 | D:6      | Found a radiant altar of Vehumet.
  5044 | D:6      | Splashed by a jelly's acid

Illustrated notes

Levels and vault maps discovered:
D:1:      pf_arrival_petrified_forest, layout_basic,
          ebering_ecumenical_altar_rust
D:2:      layout_loops_ring
D:3:      layout_basic, serial_shops, nicolae_shop_pleasant_corner_grove,
          amethyst_killhole
D:4:      layout_cave_pools, gup_sewer_entry_bowl, minmay_stone_trees_small,
          chequers_serial_rivers_large_a, uniq_robin
D:5:      layout_cave_pools, minmay_misc_feat_encased, minmay_misc_feat_x,
          uniq_blork_the_orc
D:6:      layout_gridville, nicolae_vehumet_altar_sigil,
          gammafunk_temple_overflow_elements, temple_hall,
          dreamdust_mushroom_princess

Skill      XL: |  1  2  3  4  5  6  7  8 |
---------------+-------------------------+-----
Long Blades    | 1 2 3 4 5 6 |  6.6
Dodging        | 2 3 4 5 6 7 |  7.4
Fighting       | 3 4 5 6 |  6.6
Short Blades   | |  2.4
Throwing       | |  2.0
Stealth        | |  4.3

Action                     |  1- 3 |  4- 6 |  7- 9 || total
---------------------------+-------+-------+-------++-------
  Melee: Dagger            |   137 |   212 |   219 ||   568
         Punch             |     1 |     2 |     4 ||     7
         Tailslap          |       |    13 |       ||    13
         Long sword        |       |       |     5 ||     5
  Throw: Dart              |    10 |       |     2 ||    12
  Evoke: Wand              |       |    15 |     4 ||    19
    Use: Scroll            |       |       |     2 ||     2
         Potion            |       |       |     1 ||     1
   Stab: Sleeping          |     3 |     3 |     3 ||     9
         Distracted        |       |     2 |       ||     2
 Armour: Robe              |    62 |    59 |       ||   121
         Ring mail         |       |    19 |   108 ||   127
  Dodge: Dodged            |    66 |   102 |    96 ||   264

Table legend: (Time is in decaauts)
 A = Elapsed time spent in this place.
 B = Non-inter-level travel time spent in this place.
 C = Inter-level travel time spent in this place.
 D = Time resting spent in this place.
 E = Time spent auto-exploring this place.
 F = Levels seen in this place.
 G = Mean time per level.
                   A        B        C        D        E       F      G
               +--------+--------+--------+--------+--------+-----+--------+
         Total |   4907 |   4788 |    119 |    394 |   2875 |   7 |  701.0 |
       Dungeon |   4789 |   4670 |    119 |    394 |   2822 |   6 |  798.2 |
         Sewer |    117 |    117 |      0 |      0 |     53 |   1 |  117.0 |
               +--------+--------+--------+--------+--------+-----+--------+

Top non-repeatable levels by time:
     D:6: 987 daAuts
     D:2: 861 daAuts
     D:5: 856 daAuts
     D:3: 770 daAuts
     D:4: 728 daAuts
     D:1: 584 daAuts
   Sewer: 117 daAuts
